 Dungeon Crawl Stone Soup version 0.23-a0-305-g7ffd15e (webtiles) character file.

58 Petrovich the Sneak (level 3, -1/24 HPs)
             Began as a Vampire Enchanter on Oct 9, 2018.
             Slain by Natasha (2 damage)
             ... on level 2 of the Dungeon.
             The game lasted 00:04:34 (1054 turns).

Petrovich the Sneak (Vampire Enchanter)             Turns: 1054, Time: 00:04:34

Health: -1/24      AC:  2    Str:  7    XL:     3   Next: 75%
Magic:  2/6        EV: 13    Int: 17    God:
Gold:   40         SH:  0    Dex: 15    Spells: 0/6 levels left

rFire    . . .     SeeInvis +   a - +1 dagger
rCold    . . .     Gourm    .   (no shield)
rNeg     + . .     Faith    .   b - +0 robe
rPois    .         Spirit   .   (no helmet)
rElec    .         Reflect  .   (no cloak)
rCorr    .         Harm     .   (no gloves)
MR       .....                  (no boots)
Stlth    +++.......             (no amulet)
HPRegen  0.08/turn              (no ring)
MPRegen  0.10/turn              (no ring)

@: slowed, very slow
A: fangs 3, see invisible, unbreathing
a: Bat Form


You were on level 2 of the Dungeon.
You were not thirsty.

You visited 1 branch of the dungeon, and saw 2 of its levels.

You collected 40 gold pieces.

Inventory:

Hand Weapons
 a - a +1 dagger (weapon)
 e - a +0 dagger
Armour
 b - a +0 robe (worn)
Jewellery
 g - an uncursed ring of magical power {unknown}
Scrolls
 c - 3 scrolls of enchant armour {unknown}
 f - 3 scrolls of identify {unknown}
 i - a scroll of teleportation {unknown}
Potions
 d - 9 potions of blood
 h - a potion of curing {unknown}
 j - a potion of magic {unknown}


   Skills:
 - Level 1.1 Short Blades
 - Level 2.1 Dodging
 * Level 5.7 Stealth
 + Level 2.4 Spellcasting
 * Level 5.6 Hexes


You couldn't memorise any spells.
You knew the following spells:

 Your Spells              Type           Power        Failure   Level  Hunger
a - Corona                Hex            ###....      1%          1    #......
b - Ensorcelled Hibernat  Hex/Ice        ##....       9%          2    ##.....
c - Confuse               Hex            ###.....     5%          3    ###....

Your spell library contained the following spells:

 Spells                   Type           Power        Failure   Level  Hunger
 Tukima's Dance           Hex            ###.....     5%          3    ###....
 Dazzling Spray           Conj/Hex       ##....       19%         3    ###....


Dungeon Overview and Level Annotations

Branches:
Dungeon (2/15)

Altars:
Uskayaw

Annotations:
D:2 Natasha


Innate Abilities, Weirdness & Mutations

You have razor-sharp teeth.
You have supernaturally acute eyesight. (SInv)
You can survive without breathing.


Message History

You hit Natasha but do no damage.
Natasha is lightly wounded.
Natasha claws you.
You closely miss Natasha.
Natasha is lightly wounded.
Natasha casts a spell at you. You resist with some effort. Natasha claws you.
Casting: Confuse (safe; 5% risk of failure)
Confirm with . or Enter, or press ? or * to list all spells.
Aiming: Ensorcelled Hibernation (safe; 9% risk of failure)
Press: ? - help, Shift-Dir - straight line, f - you, p - Natasha
Okay, then.
You hit Natasha but do no damage. Your bite misses Natasha.
Natasha is lightly wounded.
Natasha claws you!
* * * LOW HITPOINT WARNING * * *
You hit Natasha.
Natasha is moderately wounded.
Natasha claws you.
You die...

### #.#.####.##.. #.#.#
#.)......##.# ###### #.#.#
###.#######.###....###....
##'###................#.#
##...##.###.###..8.8.8.... ##
##....รท#.# #.###........... .##
##........# #...............
..####.........###...........#...
.....+....(.....@h.........)_#...
..####.....................%.#..#
.## ##.......######.##..........
## ##.....## #.##........#. ####
##...## #.##.8.8.8.##. ...# ##+##
#..........##. ...#
#.#.....##.... ...# #
#.########.... #.########.### #.#
#.##5


You could see Natasha.

Vanquished Creatures
  An adder (D:2)
  A worm (D:2)
  A dart slug (D:2)
  A leopard gecko (D:1)
  5 bats
  3 giant cockroaches
  2 goblins (D:1)
  3 hobgoblins
  6 kobolds
  A quokka (D:2)
  A ball python (D:2)
  2 frilled lizards
  18 rats
45 creatures vanquished.

Notes
Turn   | Place    | Note
-------+----------+-------------------------------------------
     0 | D:1      | Petrovich the Vampire Enchanter began the quest for the
                  | Orb.
     0 | D:1      | Reached XP level 1. HP: 13/13 MP: 3/3
    72 | D:1      | Reached XP level 2. HP: 14/19 MP: 3/5
    78 | D:1      | Learned a level 2 spell: Ensorcelled Hibernation
   153 | D:1      | Reached skill level 5 in Stealth
   205 | D:1      | Reached skill level 5 in Hexes
   545 | D:1      | Reached XP level 3. HP: 20/24 MP: 4/6
   747 | D:2      | Learned a level 3 spell: Confuse
   939 | D:2      | Found a hide-covered altar of Uskayaw.
   976 | D:2      | Noticed Natasha
  1053 | D:2      | HP: 1/24 [Natasha (8)]
  1054 | D:2      | Slain by Natasha

Vault maps used:
D:1:      erik_arrival_orb_chamber
D:2:      eat_drink_and_be_merry_uskayaw, guppyfry_early_lair_pool, uniq_natasha

Skill      XL: |  1  2 |
---------------+-------+-----
Stealth        | 5 |  5.7
Hexes          | 5 |  5.6
Short Blades   | |  1.1
Dodging        | |  2.1
Spellcasting   | |  2.4

Action                   || total
-------------------------++-------
Melee: Dagger            ||   104
       Bite              ||     7
 Cast: Corona            ||    26
       Ensorcelled Hiber ||     4
       Confuse           ||     1
  Use: Potion            ||     5
 Stab: Sleeping          ||    14
       Distracted        ||     1
Armor: Robe              ||    15
Dodge: Dodged            ||    54

Table legend:
 A = Non-vault XP
 B = Vault XP
 C = Vault XP percentage of total XP
 D = Non-vault monster count
 E = Vault monster count
 F = Vault count percentage of total count
                 A         B        C        D         E       F
            +---------+---------+-------+---------+---------+-------
      Total |      71 |      12 |  14.5 |      33 |      12 |  26.7
            +---------+---------+-------+---------+---------+-------
        D:1 |      31 |      12 |  27.9 |      18 |      12 |  40.0
        D:2 |      40 |       0 |   0.0 |      15 |       0 |   0.0
            +---------+---------+-------+---------+---------+-------
